Map: [ESL] Cosmic Sapphire

Players

marcj (uThermal)

  • Race: Terran Terran
  • League: Master
  • Spawn Location: 5:00

Zoun - Winner!

  • Race: Protoss Protoss
  • Spawn Location: 11:00

Event: HomeStory Cup XXI

VOD

Have the link to the VOD?

Description

Time

  • Played on: July 23, 2022, 12:15 p.m.
  • Length: 9:31

All games in this series

Show
View Real Time Build Order
Export as new Build Order

marcj Terran 

Build Orders:  

Get SALT Encoding   

  12  0:00  SCV  
  13  0:12  SCV  
  14  0:17  Supply Depot  
  14  0:24  SCV  
  15  0:38  SCV  
  15  0:40  Barracks  
  15  0:42  Refinery  
  16  0:50  SCV  
  17  1:02  SCV  
  18  1:14  SCV  
  19  1:27  Orbital Command, Marine  
  20  1:43  Command Center  
  20  1:48  Barracks Reactor  
  20  1:53  SCV  
  21  1:58  Supply Depot  
  21  2:05  SCV  
  22  2:10  Factory  
  22  2:17  SCV  
  22  2:20  Bunker  
  23  2:24  Marine x2  
  23  2:29  SCV  
  26  2:35  Refinery  
  26  2:41  SCV  
  29  2:54  Orbital Command  
  29  2:55  Starport  
  29  2:56  Widow Mine  
  29  2:57  SCV  
  30  2:59  Marine  
  30  3:02  Marine  
  32  3:09  SCV  
  33  3:17  Marine, Widow Mine  
  36  3:20  Marine  
  36  3:21  SCV  
  36  3:24  SCV  
  38  3:33  SCV  
  37  3:36  SCV  
  37  3:38  Supply Depot, Widow Mine  
  37  3:39  Medivac  
  42  3:44  Marine  
  42  3:45  SCV, Marine  
  42  3:48  SCV  
  46  3:51  Refinery  
  46  4:00  SCV x2  
  46  4:02  Supply Depot, Factory Tech Lab, Marine  
  49  4:03  Marine  
  50  4:10  Starport Tech Lab  
  50  4:12  SCV x2  
  50  4:15  Barracks  
  52  4:20  Marine x2  
  54  4:24  SCV  
  54  4:25  SCV, Supply Depot  
  54  4:29  Raven  
  58  4:34  Siege Tank  
  61  4:39  Marine  
  61  4:43  SCV, Marine  
  62  4:47  SCV  
  62  4:50  Barracks  
  59  4:56  SCV  
  59  4:57  Marine  
  59  4:59  SCV  
  62  5:00  Engineering Bay  
  62  5:01  Marine  
  61  5:08  SCV  
  61  5:09  Siege Tank, Supply Depot  
  66  5:14  SCV  
  66  5:17  Marine  
  66  5:18  Stimpack  
  66  5:20  SCV  
  68  5:26  Marine x2, Supply Depot, Terran Infantry Weapons Level 1  
  69  5:29  Starport Reactor  
  69  5:30  SCV  
  69  5:32  SCV  
  69  5:35  Marine  
  71  5:42  SCV  
  73  5:44  Refinery, Marine  
  73  5:45  Missile Turret  
  73  5:49  Combat Shield, Supply Depot, Marine  
  72  5:50  Marauder  
  72  5:51  Factory Tech Lab  
  72  5:52  SCV  
  72  5:53  Marine  
  72  5:54  SCV  
  78  6:06  Barracks  
  78  6:07  Barracks, Medivac x2, Marine  
  78  6:08  Marauder  
  84  6:12  Supply Depot  
  84  6:14  Supply Depot  
  84  6:16  Siege Tank  
  84  6:18  Marine  
  87  6:19  Marine  
  87  6:22  Missile Turret  
  87  6:25  Marine  
  89  6:26  SCV  
  89  6:28  SCV  
  89  6:32  Supply Depot  
  89  6:34  Marine  
  89  6:37  Marauder  
  89  6:39  Medivac x2  
  96  6:44  Supply Depot, Marine  
  97  6:48  Siege Tank  
  97  6:52  Marine  
  101  6:54  Supply Depot, Marine  
  101  6:58  Marine  
  101  7:00  Marine, Supply Depot  
  104  7:02  Marine  
  104  7:03  Marine  
  106  7:09  Supply Depot  
  106  7:16  Marine x2  
  106  7:17  Marine  
  106  7:20  Siege Tank  
  112  7:23  Viking  
  112  7:27  Viking  
  112  7:29  Terran Infantry Armor Level 1  
  116  7:30  Marine  
  116  7:35  Marauder  
  119  7:39  Marine, Marauder  
  119  7:44  Marine  
  123  7:56  Viking, Marauder  
  127  8:13  Marine x2, Marauder  
  127  8:17  Marauder  
  131  8:20  Marine  
  131  8:24  Marine  
  133  8:30  Liberator  
  135  8:34  Liberator  
  135  8:39  Siege Tank  
  141  8:46  Marine  
  142  8:55  Marine  
  142  9:01  Marine x2  
  140  9:03  Marine  
Show
View Real Time Build Order
Export as new Build Order

Zoun Protoss - Winner!

Build Orders: 1 Gate Expand, Phoenix Opening, Colossus Rush 

Get SALT Encoding   

  12  0:00  Probe  
  13  0:12  Probe  
  14  0:18  Pylon  
  14  0:24  Probe (Chrono Boost)  
  15  0:36  Probe (Chrono Boost)  
  15  0:37  Gateway  
  16  0:45  Probe (Chrono Boost)  
  16  0:46  Assimilator  
  17  0:51  Probe  
  18  1:03  Probe  
  19  1:15  Probe  
  20  1:25  Cybernetics Core  
  20  1:32  Nexus  
  20  1:34  Probe  
  21  1:43  Pylon  
  21  1:46  Probe  
  22  1:50  Assimilator  
  22  1:58  Probe, Adept (Chrono Boost)  
  25  2:10  Probe  
  26  2:20  Stargate  
  26  2:23  Probe  
  26  2:24  Adept  
  29  2:34  Warp Gate  
  29  2:36  Probe (Chrono Boost)  
  30  2:44  Probe (Chrono Boost)  
  30  2:48  Probe (Chrono Boost)  
  32  2:53  Probe (Chrono Boost)  
  32  2:55  Probe (Chrono Boost), Adept  
  36  2:58  Probe (Chrono Boost)  
  36  3:03  Phoenix (Chrono Boost)  
  39  3:06  Probe  
  39  3:10  Probe  
  41  3:18  Probe  
  42  3:20  Pylon  
  42  3:22  Probe  
  42  3:25  Phoenix (Chrono Boost)  
  45  3:30  Probe  
  46  3:38  Probe, Gateway  
  47  3:47  Probe  
  47  3:48  Phoenix (Chrono Boost)  
  50  3:50  Shield Battery  
  50  3:54  Probe  
  51  4:00  Robotics Facility  
  51  4:02  Pylon, Probe  
  52  4:09  Phoenix (Chrono Boost)  
  52  4:16  Nexus  
  54  4:19  Pylon  
  54  4:20  Probe  
  55  4:25  Assimilator  
  55  4:26  Probe  
  55  4:27  Assimilator  
  56  4:36  Adept x2  
  60  4:39  Probe  
  60  4:40  Probe  
  62  4:49  Observer  
  62  4:51  Probe  
  64  4:55  Probe  
  65  5:03  Probe, Robotics Bay  
  66  5:07  Probe  
  66  5:11  Gateway x2  
  67  5:15  Probe  
  67  5:18  Pylon x2  
  68  5:23  Pylon  
  68  5:24  Phoenix  
  68  5:26  Immortal (Chrono Boost)  
  74  5:29  Probe  
  74  5:31  Probe, Shield Battery  
  74  5:34  Sentry  
  78  5:38  Probe  
  78  5:41  Probe  
  80  5:43  Probe  
  81  5:50  Probe  
  81  5:53  Colossus (Chrono Boost), Probe  
  81  5:55  Probe  
  90  6:00  Extended Thermal Lance  
  90  6:02  Probe  
  91  6:05  Probe  
  91  6:07  Probe  
  91  6:09  Twilight Council  
  93  6:12  Assimilator x2  
  93  6:14  Probe  
  93  6:17  Probe  
  95  6:19  Probe  
  95  6:21  Forge  
  95  6:23  Phoenix  
  98  6:26  Probe  
  98  6:29  Probe  
  98  6:31  Probe  
  98  6:32  Gateway  
  101  6:33  Gateway  
  101  6:35  Colossus (Chrono Boost)  
  101  6:39  Charge (Chrono Boost), Probe  
  108  6:41  Probe  
  108  6:43  Pylon  
  109  6:51  Observer  
  109  6:56  Protoss Ground Weapons Level 1 (Chrono Boost)  
  109  6:58  Pylon  
  109  7:01  Phoenix, Gateway x2  
  112  7:08  Gateway  
  112  7:10  Gateway  
  111  7:16  Colossus (Chrono Boost)  
  117  7:23  Zealot x3  
  117  7:24  Pylon, Zealot  
  117  7:25  Pylon  
  117  7:27  Shield Battery  
  125  7:35  Pylon  
  125  7:36  Observer  
  125  7:44  Pylon x2  
  125  7:45  Zealot x5  
  125  7:50  Shield Battery  
  135  7:52  Shield Battery  
  135  7:58  Colossus (Chrono Boost)  
  135  8:05  Zealot x5  
  151  8:10  Zealot x2  
  155  8:19  Zealot x3  
  161  8:20  Templar Archives  
  161  8:26  Phoenix  
  159  8:30  Zealot x3  
  165  8:40  Pylon x2  
  165  8:58  Phoenix  
  165  8:59  High Templar x4  
  179  9:03  Archon  
  179  9:04  Archon  
  179  9:05  Zealot  
  179  9:07  Pylon  
  179  9:08  Pylon  
  181  9:16  Zealot x4  
  153  9:20  Zealot  
Tags
 
Add a new tag
Caveats
  • Supply blocks, unpowered buildings, or Contaminate may cause inaccurate times.
  • Supply counts are checked every 10 seconds.